 Dungeon Crawl Stone Soup version 0.18.1-48-g4cf74bf (webtiles) character file.

418606 rlgrobin the Devastator (level 22, -6/171 HPs)
             Began as a Mummy Wizard on Aug 19, 2016.
             Was a High Priest of Sif Muna.
             Killed from afar by a battlesphere (15 damage)
             ... created by a tengu conjurer
             ... led by a tengu conjurer
             ... on level 1 of the Depths on Aug 30, 2016.
             The game lasted 12:02:00 (72632 turns).

rlgrobin the Devastator (Mummy Wizard)             Turns: 72632, Time: 12:02:00

Health: -6/171     AC:  5    Str: 14    XL:     22   Next: 60%
Magic:  2/39       EV: 17    Int: 30    God:    Sif Muna [*****.]
Gold:   3646       SH:  7    Dex: 11    Spells: 12 memorised, 3 levels left

rFire  . . .     SeeInvis +     J - staff of poison
rCold  + . .     Gourm    .     F - +2 robe {Archmagi}
rNeg   + + +     Faith    .     e - +2 buckler
rPois  ∞         Spirit   .     q - +2 hat {Int+3}
rElec  +         Dismiss  .     v - +0 cloak
rCorr  .         Reflect  .     M - +3 pair of gauntlets of War {Slay+5}
SustAt .         Harm     .     n - +1 pair of boots {Fly}
MR     +....                    (no amulet)
Stlth  ++........               B - ring "Zinarruwke" {Fragile rF+ rN+ Str+4 SInv}
                                t - ring of Vatexej {Fragile +Fly rElec MR+}

@: vulnerable, corroded, flying, delayed fireball, studying Fighting, repel
missiles, somewhat resistant to hostile enchantments, unstealthy
A: no food or potions, fire vulnerability, cold resistance 1, negative energy
resistance 3, torment resistance, unbreathing, in touch with death 1, restore
body
a: Self-Restoration, Channel Energy, Forget Spell, Renounce Religion, Release
Delayed Fireball, Stop Flying
}: 2/15 runes: barnacled, gossamer


You were on level 1 of the Depths.
You worshipped Sif Muna.
Sif Muna was extremely pleased with you.
You were not hungry.

You visited 9 branches of the dungeon, and saw 42 of its levels.
You also visited: Ice Cave.

You collected 5251 gold pieces.
You spent 1605 gold pieces at shops.


Innate Abilities, Weirdness & Mutations

You do not eat or drink.
Your flesh is vulnerable to fire.
You are immune to poison.
Your flesh is cold resistant.
You are immune to negative energy.
You are immune to unholy pain and torment.
You can survive without breathing.
You are in touch with the powers of death.
You can restore your body by infusing magical energy.


   Skills:
 - Level 13.7 Fighting
 + Level 2.1 Staves
 - Level 12.0 Dodging
 - Level 1.8 Stealth
 - Level 4.5 Shields
 - Level 13.5 Spellcasting
 - Level 17.0 Conjurations
 - Level 10.3 Hexes
 - Level 1.2 Charms
 - Level 0.7 Summonings
 - Level 6.0 Necromancy
 - Level 0.7 Translocations
 - Level 16.6 Fire Magic
 - Level 1.4 Air Magic
 - Level 5.3 Poison Magic
 - Level 12.0 Invocations


You had 3 spell levels left.
You knew the following spells:

 Your Spells              Type           Power        Failure   Level  Hunger
c - Mephitic Cloud        Conj/Pois/Air  ########     1%          3    N/A
f - Fireball              Conj/Fire      ########..   1%          5    N/A
j - Invisibility          Hex            #######.     8%          6    N/A
o - Olgreb's Toxic Radia  Pois           #######.     2%          4    N/A
u - Bolt of Fire          Conj/Fire      ########..   1%          6    N/A
v - Iron Shot             Conj/Erth      #######...   14%         6    N/A
x - Bolt of Draining      Conj/Necr      ########..   1%          5    N/A
y - Blink                 Tloc           N/A          2%          2    N/A
A - Ozocubu's Armour      Chrm/Ice       #####...     10%         3    N/A
R - Summon Butterflies    Summ           #####...     1%          1    N/A
X - Delayed Fireball      Conj/Fire      N/A          1%          7    N/A
Z - Repel Missiles        Chrm/Air       #####.       1%          2    N/A

Inventory:

Hand Weapons
 D - a +0 lajatang
Missiles
 j - 625 stones (quivered)
Armour
 e - a +2 buckler (worn)
 n - a +1 pair of boots of flying (worn)
 q - a +2 hat of intelligence (worn)
 v - a +0 cloak (worn)
 F - a +2 robe of the Archmagi (worn)
 M - the +3 pair of gauntlets of War (worn) {Slay+5}

   It affects your accuracy and damage with ranged weapons and melee attacks
   (+5).
Magical Staves
 a - an uncursed staff of fire
 b - an uncursed staff of wizardry {!a}
 J - an uncursed staff of poison (weapon)
Rods
 X - a +2 rod of inaccuracy (11/11) {!a}
Jewellery
 d - a +5 ring of evasion
 k - an uncursed ring of protection from cold
 o - an uncursed ring of stealth
 r - an uncursed ring of resist corrosion
 t - the ring of Vatexej (left hand) {Fragile +Fly rElec MR+}

   [ring of protection from magic]

   It insulates you from electricity.
   It affects your resistance to hostile enchantments.
   It lets you fly.
   It will be destroyed if unequipped.
 w - an uncursed ring of sustain attributes {unknown}
 B - the ring "Zinarruwke" (right hand) {Fragile rF+ rN+ Str+4 SInv}

   [ring of see invisible]

   It affects your strength (+4).
   It protects you from fire.
   It protects you from negative energy.
   It lets you see invisible.
   It will be destroyed if unequipped.
 R - the ring of Foutyrraqur {rC+++ rN+ Str+4 Int-2 Dex+3}

   [ring of strength]

   It affects your strength (+4).
   It affects your intelligence (-2).
   It affects your dexterity (+3).
   It renders you almost immune to cold.
   It protects you from negative energy.
Wands
 g - a wand of iceblast (5/15)
 i - a wand of paralysis (9/24)
 l - a wand of slowing (33/48)
 m - a wand of teleportation (3/9) {!d@v4}
 x - a wand of flame (7/48)
 z - a wand of digging (13/24)
 S - a wand of disintegration (16/24)
 W - a wand of acid (6/15)
Scrolls
 c - 5 scrolls of identify {@r1}
 f - 5 scrolls of recharging
 h - 23 scrolls of remove curse
 u - 4 scrolls of blinking
 A - 2 scrolls of silence {!r}
 C - a scroll of torment
 H - 2 scrolls of fear
 I - 2 scrolls of immolation {!r}
 N - 9 scrolls of noise {!r}
 O - a scroll of teleportation {@r4}
 P - 2 scrolls of summoning
 Q - 4 scrolls of magic mapping
 U - 3 scrolls of enchant armour
 Y - a scroll of fog
Books
 y - a manual of Fighting {!d}
Miscellaneous
 p - a lamp of fire
 s - a stone of tremors
 G - a fan of gales
 T - a plain deck of summoning {drawn: 6}
 V - a legendary deck of summoning {the Dance}

Dungeon Overview and Level Annotations

Branches:
Dungeon (15/15)            Temple (0/1) D:4            Lair (8/8) D:10
 Shoals (4/4) Lair:5       Spider (4/4) Lair:3        Slime (0/6) Lair:7
    Orc (2/2) D:10            Elf (3/3) Orc:2        Vaults (4/5) D:13
  Crypt (1/3) Vaults:3     Depths (1/5) D:15

Altars:
Cheibriados
Elyvilon
Fedhas
Gozag
Okawaru
Pakellas
Qazlal
Ru
Sif Muna
Yredelemnul
The Shining One
Jiyva

Shops:
D:9 ?(=   D:10 ?   Orc:2 [*(:   Elf:3 (   Shoals:1 *

Annotations:
D:4 Vizamar's ghost, novice DrCj
D:6 dougmcsplosions's ghost, novice MiFi
Shoals:4 !mara (furfag), Mara
Vaults:5 !end

▒....ip..'.)....▒
▒.........▒.▒▒▒▒▒
▒......V4▒▒.▒
▒..s.....▒▒.▒
▒.†......▒▒..
▒.†[..T..▒▒..
▒4T.N.N##▒▒...
▒T▒▒▒▒▒▒▒▒▒▒+▒▒
▒...V..M*......
▒..p....Q......
▒........###C..
▒.iN≈≈≈#≈≈≈#≈..
▒.?N▒▒▒▒▒▒▒▒≈ .
▒..≈▒ ▒..≈▒ ▒..≈▒
▒..≈≈##


You could see a stone giant, an entropy weaver, a salamander mystic, a
salamander, a vampire mage (invisible), a deep troll shaman, a tengu conjurer, a
boggart (invisible) and a battlesphere.


Message History

The salamander hits you from afar with an enchanted trident!
* * * LOW HITPOINT WARNING * * *
You are engulfed in flames!
* * * LOW HITPOINT WARNING * * *
A salamander mystic comes into view. It is wielding a quarterstaff.
The boggart looks more healthy.
The vampire mage mumbles some strange words.
The vampire mage flickers and vanishes for a moment.
The entropy weaver gestures wildly while chanting.
The entropic weave corrodes you!
You blink.
A tengu conjurer comes into view.
The tengu conjurer shouts!
You don't have enough magic to cast that spell.
Saving game... please wait.
Warning: Unknown monster: "fire drake:red l" (MarvinPA.rc:1122) Welcome back, rlgrobin the Mummy Wizard.
Sif Muna whispers: I know many secrets...
A stone giant comes into view.
The tengu conjurer casts a spell.
The tengu conjurer conjures a globe of magical energy!
The boggart casts a spell.
The boggart flickers and vanishes for a moment.
The stone giant shouts!
You hear a shout!
A battlesphere comes into view.
The tengu conjurer gestures at you while chanting.
The orb of energy hits you!
* * * LOW HITPOINT WARNING * * *
The battlesphere fires!
The barrage of energy hits you!
You die...

Action                   |  1- 3 |  4- 6 |  7- 9 | 10-12 | 13-15 | 16-18 | 19-21 | 22-24 || total
-------------------------+-------+-------+-------+-------+-------+-------+-------+-------++-------
Melee: Dagger            |     7 |    31 |     1 |       |       |       |       |       ||    39
       Staff             |       |     4 |     8 |       |     3 |    13 |     5 |       ||    33
       Trident           |       |       |     5 |       |       |       |       |       ||     5
       Flail             |       |       |     7 |    36 |       |       |       |       ||    43
 Fire: Hunting sling     |     2 |     4 |       |       |       |       |       |       ||     6
Throw: Stone             |       |     1 |       |     1 |       |       |     5 |       ||     7
 Cast: Magic Dart        |    77 |   135 |   288 |   475 |     3 |    20 |       |       ||   998
       Call Imp          |    15 |    38 |    30 |    55 |     3 |       |       |       ||   141
       Mephitic Cloud    |       |     9 |    24 |    47 |    55 |    81 |    35 |     7 ||   258
       Conjure Flame     |       |    11 |    43 |    91 |    45 |     4 |       |       ||   194
       Repel Missiles    |       |     1 |     1 |     3 |     4 |    13 |     9 |     1 ||    32
       Blink             |       |       |     8 |    31 |    35 |    48 |    23 |    10 ||   155
       Olgreb's Toxic Ra |       |       |       |    69 |    68 |   119 |    65 |     5 ||   326
       Venom Bolt        |       |       |       |    94 |   103 |    18 |     1 |       ||   216
       Bolt of Draining  |       |       |       |    72 |    38 |   187 |    65 |    82 ||   444
       Fireball          |       |       |       |       |   402 |   401 |   605 |    64 ||  1472
       Fulminant Prism   |       |       |       |       |     1 |    10 |     1 |       ||    12
       Delayed Fireball  |       |       |       |       |       |    18 |     5 |     1 ||    24
       Summon Butterflie |       |       |       |       |       |       |     5 |       ||     5
       Iron Shot         |       |       |       |       |       |       |    54 |     4 ||    58
       Animate Dead      |       |       |       |       |       |       |    31 |       ||    31
       Ozocubu's Armour  |       |       |       |       |       |       |     1 |     1 ||     2
       Bolt of Fire      |       |       |       |       |       |       |    45 |    18 ||    63
       Invisibility      |       |       |       |       |       |       |     1 |     2 ||     3
Invok: Channel Energy    |       |       |   226 |   602 |   946 |   950 |  1218 |   228 ||  4170
       Forget Spell      |       |       |       |       |       |       |     5 |       ||     5
 Abil: Release Delayed F |       |       |       |       |       |    17 |     6 |       ||    23
       Evoke Flight      |       |       |       |       |       |     8 |       |       ||     8
Evoke: Wand              |       |       |    11 |    12 |     6 |    14 |     8 |     1 ||    52
       Deck              |       |       |       |       |     6 |       |       |       ||     6
       Fan of gales      |       |       |       |       |       |     2 |     1 |       ||     3
  Use: Scroll            |     2 |     7 |     9 |    11 |    17 |    15 |    17 |       ||    78
 Stab: Sleeping          |     1 |       |       |       |       |       |       |       ||     1
       Confused          |       |     2 |     1 |     2 |       |       |       |       ||     5
       Distracted        |       |       |       |       |       |       |     1 |       ||     1
Armor: Robe              |     1 |    12 |    10 |   109 |    56 |   108 |    48 |    10 ||   354
Dodge: Dodged            |    11 |    32 |    48 |   154 |    87 |   308 |   145 |    46 ||   831
       Deflected         |       |       |     3 |    11 |     7 |    43 |    44 |     7 ||   115
Block: Buckler           |       |       |       |       |     7 |   133 |    76 |    24 ||   240

Vault maps used:
D:1:      noname_arrival_rooms_in_the_neighbourhood, minmay_strange_pillars
D:2:      gammafunk_pakellas_statue_experiment, old_standard_altar,
          uniq_natasha, uniq_terence
D:3:      lemuel_crystal_altar, nicolae_qazlal_general_emergency, minitemple,
          first_bread, hangedman_feature_mirror, kennysheep_generic_room_3
D:4:      lemuel_coloured_pillars_altar, temple_pool_a
D:5:      uniq_crazy_yiuf_cottage
D:6:      kennysheep_mini_moat, kennysheep_mini, nicolae_tso_besieged_by_evil,
          uniq_edmund, uniq_grinder
D:7:      amethyst_killhole, uniq_prince_ribbit1, uniq_duvessa
D:8:      lemuel_castle_with_subvaults, uniq_erica, uniq_pikel
D:9:      serial_shops, nicolae_shop_stone, nicolae_shop_trees, shop
D:10:     erik_lair_orcish_takeover, orc_0_dummy, serial_shops, shop,
          uniq_erolcha
D:11:     portal_ice_cave_entry_imps, uniq_urug
D:12:     minmay_open_boxes_in_corner, uniq_rupert
D:13:     evilmike_iron_armoury, grunt_vaults_entry_tiered, grunt_ogre_cave
D:14:     minmay_misc_feat_more_columns
D:15:     hangedman_depths_entry_civil_slaughter, nrook_uturn, serial_ice,
          serial_ice_h, serial_ice_j, serial_ice_d, serial_ice_o,
          stair_cage_line, uniq_kirke
Lair:1:   grunt_megastairs_3, uniq_joseph
Lair:2:   roderic_carrion_pond
Lair:3:   gammafunk_lair_bear_cave, spider_nest_entry_web_field
Lair:4:   grunt_megastairs_2
Lair:5:   elwin_shoals_entry_rocks, uniq_snorg
Lair:6:   beast_lair_carwin_7
Lair:7:   slime_altar_1, serial_forest, infiniplex_forest_end_2,
          infiniplex_forest_diagonal, infiniplex_forest_clump_tiny,
          infiniplex_forest_clump_C, infiniplex_forest_split,
          infiniplex_forest_clump_medium, infiniplex_forest_clump_double,
          infiniplex_forest_end_1, infiniplex_forest_lined_3,
          infiniplex_forest_lined_4_way
Lair:8:   evilmike_catoblepas_cave, hibernation_bobbens
Shoals:1: serial_shops, nicolae_shop_stone
Shoals:2: nicolae_shoals_island_circles, uniq_polyphemus
Shoals:3: wheals_shoals_ruined_temple
Shoals:4: shoals_end_simple, shoal_ilsuiw, nicolae_shoals_circle_sea_wall,
          uniq_mara, uniq_aizul, uniq_ilsuiw
Spider:1: spider_trap, hangedman_spider_tarantella_strand
Spider:3: spiders_nest_spider_trap
Spider:4: spider_rune_water
Orc:1:    uniq_gastronok
Orc:2:    st_orc_congregation, uniq_nessos
Elf:1:    eino_elf_arrival_customs, hangedman_elven_crosses_minicolossus,
          minmay_misc_feat_five, grunt_megastairs_4
Elf:3:    minmay_elf_hall, serial_shops, shop
Vaults:1: vaults_room_corners, grunt_vaults_twisty, v_pattern_3,
          nicolae_vaults_fighting_squares, hangedman_vaults_river_flow,
          v_misc_1, v_misc_19, v_misc_25, v_misc_5, nicolae_vaults_angled_halls,
          basic_altar
Vaults:2: st_octagons_1, grunt_vaults_hallway_long, v_misc_13, v_rooms_4,
          v_rooms_3, v_misc_11, nicolae_vaults_stairing_the_circle,
          hangedman_vaults_trim, nicolae_vaults_mini_display_case,
          vaults_dpeg_ring
Vaults:3: v_misc_29, nicolae_vaults_alarming, v_misc_27, v_misc_31,
          dpeg_vaults_monster_row, vaults_room_corners,
          minmay_crypt_entry_skeletal_spiral
Vaults:4: ontoclasm_vaults_eye, nicolae_vaults_angled_halls,
          nicolae_vaults_meeting, nicolae_vaults_little_squares_5, v_misc_11,
          ontoclasm_vaults_decontamination, serial_ice_m
Depths:1: roderic_filled_cross, hellmouth_3, serial_bayou_lagoon_a,
          minmay_curled_crystal, nemelex_deck
IceCv:    ice_cave_tombish

Notes
Turn   | Place    | Note
--------------------------------------------------------------
     0 | D:1      | rlgrobin the Mummy Wizard began the quest for the Orb.
     0 | D:1      | Reached XP level 1. HP: 13/13 MP: 4/4
    80 | D:1      | Reached skill level 1 in Conjurations
   196 | D:1      | Reached XP level 2. HP: 19/19 MP: 0/6
   200 | D:1      | Learned a level 2 spell: Call Imp
  1038 | D:1      | Reached XP level 3. HP: 24/24 MP: 5/7
  1043 | D:1      | Learned a level 3 spell: Mephitic Cloud
  1270 | D:2      | Noticed Natasha
  1563 | D:2      | Killed Natasha
  1563 | D:2      | Reached skill level 1 in Poison Magic
  1910 | D:2      | Reached skill level 1 in Air Magic
  2049 | D:2      | Reached XP level 4. HP: 25/30 MP: 1/8
  2054 | D:2      | Learned a level 3 spell: Conjure Flame
  2396 | D:2      | Noticed Natasha
  2745 | D:2      | Killed Natasha
  2799 | D:2      | Noticed Natasha
  2802 | D:2      | Killed Natasha
  3046 | D:2      | Noticed Terence
  3067 | D:2      | Killed Terence
  3067 | D:2      | Reached XP level 5. HP: 35/35 MP: 0/10
  3423 | D:2      | Found a white marble altar of Elyvilon.
  3552 | D:2      | Found an oddly glowing altar of Pakellas.
  3552 | D:2      | Noticed an orange crystal statue
  3553 | D:2      | Noticed a crocodile
  3569 | D:2      | Killed a crocodile
  3632 | D:3      | Found a deep blue altar of Sif Muna.
  3639 | D:3      | Became a worshipper of Sif Muna the Loreminder
  3645 | D:3      | Noticed rogsnak's ghost (amateur TeCj)
  3746 | D:3      | Reached skill level 4 in Spellcasting
  4071 | D:3      | Learned a level 2 spell: Blink
  4074 | D:3      | Learned a level 2 spell: Repel Missiles
  4188 | D:3      | Found a blossoming altar of Fedhas.
  4189 | D:3      | Found an opulent altar of Gozag.
  4772 | D:3      | Found a stormy altar of Qazlal.
  4814 | D:3      | Killed rogsnak's ghost
  4814 | D:3      | Reached skill level 2 in Conjurations
  4814 | D:3      | Reached XP level 6. HP: 41/41 MP: 1/13
  5246 | D:4      | Found a staircase to the Ecumenical Temple.
  5285 | D:4      | Noticed Vizamar's ghost (novice DrCj)
  5925 | D:4      | Found a glowing golden altar of the Shining One.
  6315 | D:5      | Entered Level 5 of the Dungeon
  6397 | D:5      | Reached skill level 3 in Conjurations
  6806 | D:5      | Noticed Crazy Yiuf
  6879 | D:5      | Killed Crazy Yiuf
  6879 | D:5      | Reached skill level 4 in Conjurations
  7026 | D:5      | Reached * piety under Sif Muna
  7026 | D:5      | Reached XP level 7. HP: 46/46 MP: 8/14
  7348 | D:5      | Reached skill level 5 in Conjurations
  7571 | D:6      | Found a snail-covered altar of Cheibriados.
  7659 | D:6      | Reached skill level 5 in Spellcasting
  7661 | D:6      | Noticed Grinder
  7723 | D:6      | Killed Grinder
  7755 | D:6      | Found a glowing golden altar of the Shining One.
  7813 | D:6      | Reached skill level 6 in Spellcasting
  7841 | D:6      | Reached ** piety under Sif Muna
  7930 | D:6      | Noticed dougmcsplosions's ghost (novice MiFi)
  7969 | D:6      | Reached XP level 8. HP: 50/52 MP: 11/17
  8046 | D:6      | Found a sacrificial altar of Ru.
  8376 | D:6      | Noticed Edmund
  8395 | D:6      | Killed Edmund
  8395 | D:6      | Reached skill level 7 in Spellcasting
  8841 | D:7      | Noticed Prince Ribbit
  8848 | D:7      | Killed Prince Ribbit
  8901 | D:7      | Reached skill level 8 in Spellcasting
  9197 | D:7      | Reached *** piety under Sif Muna
  9292 | D:7      | Reached skill level 9 in Spellcasting
  9329 | D:7      | Noticed Dowan
  9330 | D:7      | Noticed Duvessa
  9346 | D:7      | Killed Duvessa
  9346 | D:7      | Reached XP level 9. HP: 57/57 MP: 12/22
  9352 | D:7      | Killed Dowan
 10068 | D:8      | Reached **** piety under Sif Muna
 10068 | D:8      | Reached skill level 10 in Spellcasting
 10358 | D:8      | what the fuck
 10496 | D:9      | Found Ingurchum's Weapon Shoppe.
 10644 | D:10     | Entered Level 10 of the Dungeon
 10806 | D:9      | Found Hecyn's Magic Scroll Boutique.
 10871 | D:9      | Bought a scroll of teleportation for 45 gold pieces
 10871 | D:9      | Bought a scroll of teleportation for 45 gold pieces
 10871 | D:9      | Bought a scroll of blinking for 112 gold pieces
 10871 | D:9      | Bought a scroll of fear for 52 gold pieces
 10876 | D:8      | Noticed Erica
 10901 | D:8      | Killed Erica
 10901 | D:8      | Reached ***** piety under Sif Muna
 10901 | D:8      | Reached skill level 7 in Conjurations
 11082 | D:8      | Reached XP level 10. HP: 63/63 MP: 10/24
 11922 | D:8      | Reached skill level 8 in Conjurations
 12053 | D:8      | Noticed an orc knight
 12170 | D:8      | Killed an orc knight
 12333 | D:8      | Noticed an orc knight
 12387 | D:8      | Killed an orc knight
 12387 | D:8      | Reached ****** piety under Sif Muna
 12387 | D:8      | Reached skill level 9 in Conjurations
 12579 | D:8      | Received a gift from Sif Muna
 12580 | D:8      | Identified Sif Muna's Compendium of Mutagenic Toxins (Sif Muna gifted it to you on level 8 of the Dungeon)
 12586 | D:8      | Learned a level 4 spell: Olgreb's Toxic Radiance
 12609 | D:8      | Reached skill level 2 in Poison Magic
 12850 | D:8      | Reached skill level 3 in Poison Magic
 13258 | D:8      | Reached skill level 4 in Poison Magic
 13369 | D:8      | Learned a level 5 spell: Venom Bolt
 13452 | D:8      | Noticed Pikel
 13483 | D:8      | Killed Pikel
 13535 | D:8      | Reached skill level 5 in Poison Magic
 13774 | D:8      | Reached XP level 11. HP: 68/68 MP: 1/25
 15865 | D:9      | Found Tipt's Jewellery Emporium.
 16204 | D:10     | Reached skill level 1 in Invocations
 16297 | D:10     | Reached skill level 2 in Invocations
 16345 | D:10     | Found a staircase to the Orcish Mines.
 16395 | D:10     | Reached skill level 3 in Invocations
 16400 | D:10     | Found a staircase to the Lair.
 16720 | D:10     | Noticed Erolcha
 16728 | D:10     | Killed Erolcha
 16728 | D:10     | Reached skill level 5 in Invocations
 17233 | D:10     | Found Qacveev's Magic Scroll Shoppe.
 17241 | D:10     | Bought a scroll of torment for 120 gold pieces
 17241 | D:10     | Bought a scroll of teleportation for 48 gold pieces
 17520 | D:10     | Got an ichor-stained falchion
 17521 | D:10     | Identified the +9 falchion "Zaxah" {flame, Str+8} (You found it on level 10 of the Dungeon)
 17608 | D:11     | Noticed omnirizon's ghost (novice KoFi)
 17679 | D:11     | Reached skill level 6 in Invocations
 17708 | D:11     | Found a frozen archway.
 17708 | D:11     | Noticed Athra0292's ghost (journeyman DsWn)
 17826 | D:11     | Noticed a six-headed hydra
 18001 | D:11     | Killed a six-headed hydra
 18197 | IceCv    | Entered an ice cave
 18243 | IceCv    | Noticed harwe's ghost (journeyman SpEn)
 18331 | D:11     | Noticed CountDeLaPain's ghost (journeyman DrVM)
 18498 | D:10     | Reached skill level 7 in Invocations
 18894 | Lair:1   | Entered Level 1 of the Lair of Beasts
 19042 | Lair:1   | Noticed a six-headed hydra
 19105 | Lair:1   | Killed a six-headed hydra
 19105 | Lair:1   | Reached skill level 8 in Invocations
 19119 | Lair:1   | Reached skill level 10 in Conjurations
 19237 | Lair:1   | Reached XP level 12. HP: 74/74 MP: 6/26
 19470 | Lair:1   | Received a gift from Sif Muna
 19471 | Lair:1   | Identified Sif Muna's Compendium of Dark Rites and the Birds (Sif Muna gifted it to you on level 1 of the Lair of Beasts)
 19478 | Lair:1   | Learned a level 5 spell: Bolt of Draining
 19599 | Lair:1   | Noticed Joseph
 19625 | Lair:1   | Killed Joseph
 20194 | Lair:2   | Reached skill level 11 in Conjurations
 21212 | Lair:3   | Noticed a five-headed hydra
 21232 | Lair:3   | Reached skill level 12 in Conjurations
 21261 | Lair:3   | Killed a five-headed hydra
 21261 | Lair:3   | Received a gift from Sif Muna
 21262 | Lair:3   | Identified Unnozoemn's Reference Book on the Birds and the Glacier (Sif Muna gifted it to you on level 3 of the Lair of Beasts)
 21419 | Lair:3   | Found a hole to the Spider Nest.
 21915 | Lair:4   | Noticed a death yak
 21920 | Lair:4   | Killed a death yak
 21921 | Lair:4   | Noticed a death yak
 21922 | Lair:4   | Noticed a death yak
 21925 | Lair:4   | Noticed a death yak
 22326 | Lair:4   | Gained mutation: You are in touch with the powers of death. [Mummy growth]
 22326 | Lair:4   | Gained mutation: You can restore your body by infusing magical energy. [Mummy growth]
 22326 | Lair:4   | Reached XP level 13. HP: 79/79 MP: 14/27
 22340 | Lair:4   | Reached skill level 11 in Spellcasting
 22753 | Lair:4   | Received a gift from Sif Muna
 22754 | Lair:4   | Identified Tifacarch's Almanac of Creative Bewitchment (Sif Muna gifted it to you on level 4 of the Lair of Beasts)
 22760 | Lair:4   | Learned a level 4 spell: Fulminant Prism
 22947 | Lair:4   | Reached skill level 13 in Conjurations
 23080 | Lair:5   | Found a staircase to the Shoals.
 23211 | Lair:5   | Noticed Snorg
 23227 | Lair:5   | Killed Snorg
 23305 | Lair:5   | Reached skill level 12 in Spellcasting
 23889 | Lair:6   | Got a crystal battleaxe
 23890 | Lair:6   | Identified the +9 battleaxe of Watchfulness {chop, Int+4} (You found it on level 6 of the Lair of Beasts)
 24074 | Lair:6   | Identified Geneath's Volume of the Oath
 24134 | Lair:6   | Received a gift from Sif Muna
 24165 | Lair:6   | Identified Sif Muna's Collected Works on the Fiery Frostbite (Sif Muna gifted it to you on level 6 of the Lair of Beasts)
 24172 | Lair:6   | Learned a level 5 spell: Fireball
 24373 | Lair:6   | Reached skill level 1 in Fire Magic
 24646 | Lair:7   | Reached skill level 2 in Fire Magic
 24652 | Lair:7   | Noticed selky's ghost (journeyman HEAE)
 25025 | Lair:7   | Reached skill level 3 in Fire Magic
 25032 | Lair:7   | Reached skill level 4 in Fire Magic
 25124 | Lair:7   | Reached XP level 14. HP: 39/85 MP: 24/30
 25161 | Lair:7   | Found a staircase to the Slime Pits.
 25410 | Lair:7   | Reached skill level 5 in Fire Magic
 25442 | Lair:7   | Received a gift from Sif Muna
 25752 | Lair:7   | Found a viscous altar of Jiyva.
 26125 | Lair:8   | Entered Level 8 of the Lair of Beasts
 26154 | Lair:8   | Reached skill level 6 in Fire Magic
 26662 | Lair:7   | Reached skill level 9 in Invocations
 27336 | Lair:7   | Killed selky's ghost
 27499 | Lair:7   | Reached skill level 10 in Invocations
 28072 | Lair:8   | Reached skill level 11 in Invocations
 28270 | Lair:8   | Got a faintly glowing hand axe
 28271 | Lair:8   | Identified the +4 hand axe "Gineen" {flame, rF- Str+6} (You found it on level 8 of the Lair of Beasts)
 28574 | Orc:1    | Entered Level 1 of the Orcish Mines
 28574 | Orc:1    | Noticed Gastronok
 28582 | Orc:1    | Killed Gastronok
 29024 | Orc:2    | Entered Level 2 of the Orcish Mines
 29024 | Orc:2    | Found a staircase to the Elven Halls.
 29184 | Orc:2    | Noticed an orc warlord
 29185 | Orc:2    | Noticed Nessos
 29570 | Orc:1    | Reached skill level 12 in Invocations
 29963 | Orc:1    | Killed an orc warlord
 29963 | Orc:1    | Reached skill level 1 in Shields
 29963 | Orc:1    | Reached XP level 15. HP: 82/90 MP: 3/31
 30457 | Orc:2    | Reached skill level 2 in Shields
 30462 | Orc:2    | Noticed an orc warlord
 30979 | Orc:1    | HP: 8/90 [orc warlord/broad axe (22)]
 31432 | Orc:1    | Killed an orc warlord
 31558 | Orc:1    | Reached skill level 3 in Shields
 31716 | Orc:1    | HP: 6/90 [hellwing[an orc high priest] (9)]
 32317 | Orc:1    | Killed Nessos
 32609 | Orc:2    | Reached skill level 4 in Shields
 32695 | Orc:2    | Reached skill level 2 in Dodging
 32831 | Orc:2    | Reached skill level 3 in Dodging
 33494 | Orc:2    | Found Doicuapt's Antique Armour Boutique.
 33495 | Orc:2    | Found Huicwimu's Antique Weapon Boutique.
 33497 | Orc:2    | Found Rukk's General Store.
 33497 | Orc:2    | Found Josouvys's Book Shop.
 33598 | Orc:2    | Identified a +2 robe of the Archmagi (You took it off an orc sorcerer on level 2 of the Orcish Mines)
 33619 | Orc:1    | Reached skill level 4 in Dodging
 33753 | D:11     | Noticed Urug
 33764 | D:11     | Killed Urug
 33797 | D:11     | Killed omnirizon's ghost
 33949 | D:11     | Killed Athra0292's ghost
 34046 | D:11     | Killed CountDeLaPain's ghost
 34401 | D:11     | Reached skill level 5 in Dodging
 35016 | D:12     | Reached skill level 6 in Dodging
 35181 | D:12     | Noticed Rupert
 35185 | D:12     | Killed Rupert
 35281 | D:12     | Reached skill level 7 in Dodging
 35478 | D:12     | Learned a level 7 spell: Delayed Fireball
 36069 | D:13     | Reached skill level 8 in Dodging
 36166 | D:9      | Bought the ring of Vatexej {Fragile +Fly rElec MR+} for 461 gold pieces
 36374 | D:13     | Found an iron altar of Okawaru.
 36607 | D:13     | Reached skill level 9 in Dodging
 36610 | D:13     | Reached XP level 16. HP: 96/96 MP: 10/32
 36624 | D:13     | Found a gate to the Vaults.
 37359 | D:14     | Reached skill level 10 in Dodging
 37734 | D:15     | Entered Level 15 of the Dungeon
 37879 | D:15     | Identified a wand of teleportation
 38027 | D:15     | Found a staircase to the Depths.
 38041 | D:15     | Reached skill level 11 in Dodging
 38080 | D:15     | HP: 8/96 [white ugly thing (31)]
 38577 | D:15     | Noticed Kirke
 38850 | D:15     | Killed Kirke
 39414 | Shoals:1 | Entered Level 1 of the Shoals
 39437 | Shoals:1 | Reached skill level 12 in Dodging
 39660 | Shoals:1 | Reached skill level 1 in Necromancy
 39927 | Shoals:1 | Reached skill level 2 in Necromancy
 40278 | Shoals:1 | Reached skill level 3 in Necromancy
 40725 | Shoals:1 | Found Daseocsata's Assorted Antiques.
 40870 | Shoals:1 | Bought a scroll labeled ASHREKK SISIAT for 44 gold pieces
 41700 | Shoals:2 | Noticed Polyphemus
 42102 | Shoals:2 | Received a gift from Sif Muna
 42103 | Shoals:2 | Identified Vusiqu's Reference Book on Hexes (Sif Muna gifted it to you on level 2 of the Shoals)
 43237 | Shoals:3 | Reached XP level 17. HP: 82/101 MP: 22/33
 43293 | Shoals:3 | Found an opulent altar of Gozag.
 43304 | Shoals:3 | Noticed a kraken
 43536 | Shoals:3 | Killed a kraken
 43536 | Shoals:3 | Reached skill level 13 in Spellcasting
 43536 | Shoals:3 | Reached skill level 14 in Conjurations
 43690 | Shoals:4 | Entered Level 4 of the Shoals
 43866 | Shoals:3 | Noticed a kraken
 44653 | Shoals:3 | Received a gift from Sif Muna
 44662 | Shoals:3 | Identified Sif Muna's Handbook of Combat Magic and Augmentations (Sif Muna gifted it to you on level 3 of the Shoals)
 44935 | Shoals:4 | Reached skill level 4 in Necromancy
 45099 | Shoals:4 | Noticed Aizul
 45108 | Shoals:4 | Killed Aizul
 45234 | Shoals:4 | Noticed Mara
 45333 | Shoals:4 | Reached skill level 5 in Necromancy
 45775 | Shoals:4 | Reached skill level 6 in Necromancy
 45852 | Shoals:4 | Noticed Ilsuiw
 46047 | Shoals:4 | Received a gift from Sif Muna
 46047 | Shoals:4 | Reached skill level 15 in Conjurations
 46288 | Shoals:4 | wew
 46377 | Shoals:4 | wew
 46401 | Shoals:4 | wew
 46731 | Shoals:4 | Identified Sif Muna's Compendium of Intoxication and Feathers (Sif Muna gifted it to you on level 4 of the Shoals)
 46772 | Shoals:4 | Got a barnacled rune of Zot
 46963 | Shoals:2 | Reached skill level 1 in Fighting
 47002 | Shoals:2 | Killed Polyphemus
 47002 | Shoals:2 | Reached skill level 2 in Fighting
 47498 | Spider:1 | Entered Level 1 of the Spider Nest
 47510 | Spider:1 | Reached skill level 3 in Fighting
 47617 | Spider:1 | Reached skill level 4 in Fighting
 47891 | Spider:1 | Reached skill level 5 in Fighting
 47891 | Spider:1 | Reached XP level 18. HP: 75/121 MP: 12/35
 48199 | Spider:1 | Reached skill level 6 in Fighting
 48331 | Spider:1 | !ghost moths
 48467 | D:9      | Bought the ring "Zinarruwke" {Fragile rF+ rN+ Str+4 SInv} for 468 gold pieces
 48892 | Spider:1 | Reached skill level 7 in Fighting
 49848 | Spider:2 | Reached skill level 8 in Fighting
 50947 | Spider:4 | Entered Level 4 of the Spider Nest
 50963 | Spider:4 | Reached skill level 9 in Fighting
 51301 | Spider:4 | Reached skill level 10 in Fighting
 52218 | Spider:4 | Reached skill level 11 in Fighting
 52629 | Spider:4 | Got a gossamer rune of Zot
 52917 | Vaults:1 | Entered Level 1 of the Vaults
 52973 | Vaults:1 | Reached skill level 1 in Charms
 53113 | Vaults:1 | Reached skill level 7 in Fire Magic
 53408 | Vaults:1 | Received a gift from Sif Muna
 53410 | Vaults:1 | Reached skill level 8 in Fire Magic
 53411 | Vaults:1 | Identified Sif Muna's Almanac of Battle Magic and Heat (Sif Muna gifted it to you on level 1 of the Vaults)
 53610 | Vaults:1 | Reached XP level 19. HP: 146/146 MP: 21/36
 53806 | Vaults:1 | Reached skill level 9 in Fire Magic
 54278 | Vaults:1 | Found a basalt altar of Yredelemnul.
 54621 | Vaults:1 | Received a gift from Sif Muna
 54621 | Vaults:1 | Reached skill level 10 in Fire Magic
 54631 | Vaults:1 | Identified Foack's Volume of Aerial Clay (Sif Muna gifted it to you on level 1 of the Vaults)
 54881 | Vaults:1 | You fall through a shaft!
 55126 | Vaults:2 | Identified Vaschoim's Collected Works on Creative Earth
 55138 | Vaults:2 | Learned a level 1 spell: Summon Butterflies
 55360 | Vaults:2 | Reached skill level 11 in Fire Magic
 55371 | Vaults:2 | Got a transparent ring mail
 55374 | Vaults:2 | Identified the cursed +0 ring mail of Insecurity {rC- Regen+ Str+3} (You found it on level 2 of the Vaults)
 55538 | Vaults:2 | Received a gift from Sif Muna
 55539 | Vaults:2 | Identified Sif Muna's Handbook of Aerial Cold (Sif Muna gifted it to you on level 2 of the Vaults)
 56166 | Vaults:2 | Reached skill level 12 in Fire Magic
 56836 | Vaults:2 | Reached skill level 13 in Fire Magic
 56837 | Vaults:2 | Reached XP level 20. HP: 152/152 MP: 11/37
 56858 | Vaults:2 | Received a gift from Sif Muna
 56866 | Vaults:2 | Learned a level 4 spell: Animate Dead
 57748 | Elf:1    | Entered Level 1 of the Elven Halls
 58234 | Elf:1    | Learned a level 6 spell: Bolt of Fire
 58256 | Elf:1    | Learned a level 3 spell: Ozocubu's Armour
 58281 | Elf:1    | Reached skill level 14 in Fire Magic
 58385 | Elf:1    | Received a gift from Sif Muna
 58386 | Elf:1    | Identified Sif Muna's Guide on Combat Magic and Stones (Sif Muna gifted it to you on level 1 of the Elven Halls)
 58537 | Orc:2    | Learned a level 6 spell: Iron Shot
 59238 | Elf:1    | Got a pitted leather armour
 59239 | Elf:1    | Identified the +3 leather armour of Amorality {Dex+2 Stlth+} (You took it off a deep elf mage on level 1 of the Elven Halls)
 59486 | Elf:2    | Noticed Orthodox's ghost (adept DsBe)
 59784 | Elf:2    | Killed Orthodox's ghost
 59789 | Elf:2    | Reached skill level 15 in Fire Magic
 60014 | Elf:2    | Found a runed gate.
 60014 | Elf:2    | Found a runed gate.
 60015 | Elf:2    | Found a runed gate.
 61257 | Elf:2    | Received a gift from Sif Muna
 61258 | Elf:2    | Identified Sigeggoq's Almanac of Ice and Clay (Sif Muna gifted it to you on level 2 of the Elven Halls)
 62172 | Elf:3    | Entered Level 3 of the Elven Halls
 62256 | Elf:3    | Found Jouqudic's Antique Weapon Boutique.
 62284 | Elf:3    | Reached skill level 16 in Conjurations
 62363 | Elf:3    | Got a fine short sword
 62364 | Elf:3    | Identified the cursed +0 short sword of Tufraq {speed, Str+3} (You found it on level 3 of the Elven Halls)
 62647 | Elf:3    | Reached XP level 21. HP: 158/158 MP: 27/38
 62777 | Elf:3    | Received a gift from Sif Muna
 62853 | Elf:3    | Identified Sif Muna's Disquisition on Black Rituals and Protection (Sif Muna gifted it to you on level 3 of the Elven Halls)
 63281 | Elf:3    | Got a faintly glowing copper ring
 63326 | Elf:3    | Reached skill level 16 in Fire Magic
 63465 | Elf:3    | Got a brightly glowing silver ring
 63466 | Elf:3    | Identified the ring of Foutyrraqur {rC+++ rN+ Str+4 Int-2 Dex+3} (You took it off a deep elf annihilator on level 3 of the Elven Halls)
 63745 | Elf:3    | Identified the ring of Qolonuet {*Tele Str+4} (You took it off a deep elf blademaster on level 3 of the Elven Halls)
 63747 | Elf:3    | Got a transparent amber ring
 63748 | Elf:3    | Identified the cursed ring "Nemourr" {*Drain rPois rN+ Int-6 Stlth+} (You took it off a deep elf master archer on level 3 of the Elven Halls)
 63779 | Elf:3    | Identified Sif Muna's Grimoire of Vitriolic Moulding
 63953 | Elf:3    | Got a faintly glowing ring mail
 63964 | Elf:3    | Identified the cursed +0 ring mail of Ydghuuh {Int+6 Dex+3} (You found it on level 3 of the Elven Halls)
 64741 | Shoals:4 | Killed Ilsuiw
 65100 | Shoals:4 | Received a gift from Sif Muna
 67757 | Shoals:2 | Learned a level 6 spell: Invisibility
 68079 | Vaults:3 | Reached skill level 1 in Hexes
 68130 | Vaults:3 | Reached skill level 2 in Hexes
 68170 | Vaults:3 | Reached skill level 3 in Hexes
 68432 | Vaults:3 | Reached skill level 4 in Hexes
 68729 | Vaults:3 | Reached skill level 5 in Hexes
 68757 | Vaults:3 | Found a staircase to the Crypt.
 68761 | Crypt:1  | Entered Level 1 of the Crypt
 68896 | Vaults:3 | Received a gift from Sif Muna
 68937 | Vaults:3 | Reached skill level 6 in Hexes
 69236 | Vaults:3 | Reached skill level 7 in Hexes
 69442 | Vaults:3 | Reached XP level 22. HP: 149/165 MP: 22/39
 69713 | Vaults:3 | Reached skill level 8 in Hexes
 70193 | Vaults:4 | Reached skill level 9 in Hexes
 70804 | Vaults:4 | Reached skill level 10 in Hexes
 70959 | Vaults:4 | Reached skill level 12 in Fighting
 71026 | Vaults:4 | Reached skill level 13 in Fighting
 72098 | Depths:1 | Entered Level 1 of the Depths
 72131 | Depths:1 | Reached skill level 17 in Conjurations
 72446 | D:9      | Bought a +0 lajatang for 210 gold pieces
 72610 | Depths:1 | Reached skill level 1 in Staves
 72620 | Depths:1 | Reached skill level 2 in Staves
 72632 | Depths:1 | HP: 9/171 [tengu conjurer/orb of energy[a tengu conjurer] (13)]
 72632 | Depths:1 | Killed from afar by a battlesphere

Vanquished Creatures
  Rupert (D:12)
  4 deep elf master archers (Elf:3)
  3 krakens
  5 deep elf blademasters (Elf:3)
  Gastronok (Orc:1)
  A sphinx (Vaults:1)
  Kirke (D:15)
  The ghost of Orthodox the Warrior, an adept DsBe of Trog (Elf:2)
  Polyphemus (Shoals:2)
  Ilsuiw (Shoals:4)
  A tengu reaver (Vaults:2)
  2 frost giants
  A fire giant (Vaults:4)
  5 deep elf sorcerers
  14 vault wardens
  6 emperor scorpions
  3 deep elf elementalists (Elf:3)
  Aizul (Shoals:4)
  2 orc warlords (Orc:1)
  16 ironheart preservers
  4 ghost moths
  A war gargoyle (Vaults:3)
  6 stone giants
  A vampire knight (Depths:1)
  Nessos (Orc:1)
  7 deep elf annihilators
  3 deep elf demonologists
  A spark wasp (Spider:3)
  2 ettins
  14 vault guards
  Erolcha (D:10)
  A crystal guardian (Vaults:3)
  6 deep elf death magi
  A fire dragon (Vaults:3)
  6 merfolk javelineers
  Snorg (Lair:5)
  8 merfolk impalers
  10 yaktaur captains
  6 great orbs of eyes
  2 rakshasas
  3 entropy weavers
  7 hydras
  The ghost of CountDeLaPain the Nimble, a journeyman DrVM of Vehumet (D:11)
  2 ice dragons (Vaults:1)
  4 merfolk avatars
  The ghost of Athra0292 the Cruncher, a journeyman DsWn of Fedhas (D:11)
  4 catoblepae
  An alligator snapping turtle (Shoals:4)
  16 ogre magi
  Erica (D:8)
  8 merfolk aquamancers
  3 satyrs
  12 centaur warriors
  22 dancing weapons
  2 deep troll shamans
  3 death knights
  2 tengu warriors (D:13)
  27 death yaks
  4 deep troll earth magi
  4 orc high priests
  34 deep elf knights
  Urug (D:11)
  9 skeletal warriors
  A death drake (shapeshifter) (Vaults:2)
  2 shadow wraiths
  A flayed ghost (Vaults:4)
  29 deep elf archers
  14 sea snakes
  7 deep trolls
  A giant orange brain (shapeshifter) (Vaults:2)
  2 giant orange brains
  Pikel (D:8)
  3 unseen horrors
  A lindwurm (Lair:4)
  6 hill giants
  3 necromancers (D:13)
  5 phantasmal warriors
  The ghost of omnirizon the Basher, a novice KoFi of Pakellas (D:11)
  An anubis guard (shapeshifter) (Vaults:4)
  12 orc knights
  26 harpies
  15 ironbrand convokers
  80 deep elf magi
  9 orb spiders
  2 moths of wrath
  A wolf spider zombie (D:14)
  A tengu skeleton (Vaults:3)
  2 oklob plants
  2 wizards
  16 wolf spiders
  9 griffons
  3 fauns (Shoals:1)
  17 manticores
  4 hornets
  42 ugly things
  2 salamanders (Depths:1)
  7 orc sorcerers
  11 cyclopes
  A salamander (shapeshifter) (D:15)
  A sphinx skeleton (Vaults:3)
  A frost giant skeleton (Vaults:3)
  6 centaur zombies
  An elephant (shapeshifter) (Vaults:2)
  8 elephants
  2 stone giant skeletons (Vaults:3)
  An eye of devastation (shapeshifter) (Vaults:2)
  9 sirens
  9 vault sentinels
  10 black mambas
  14 spiny frogs
  9 water nymphs
  2 gargoyles
  3 torpor snails
  2 kobold demonologists (Vaults:3)
  2 rime drakes
  2 komodo dragons (shapeshifter)
  7 komodo dragons
  9 freezing wraiths
  A tengu conjurer (D:15)
  13 demonic crawlers
  47 yaktaurs
  44 merfolk
  11 trolls
  A yaktaur skeleton (Vaults:3)
  A wind drake (Shoals:3)
  20 jumping spiders
  3 polar bears
  Grinder (D:6)
  Prince Ribbit (D:7)
  23 two-headed ogres
  A hornet zombie (D:14)
  14 slime creatures
  12 snapping turtles
  A blink frog (shapeshifter) (Vaults:1)
  10 boulder beetles
  2 wolf spider simulacra (D:15)
  26 blink frogs
  A boulder beetle (shapeshifter) (Vaults:3)
  2 air elementals (Elf:1)
  A centaur simulacrum (D:14)
  A redback (shapeshifter) (Vaults:1)
  85 redbacks
  2 wraiths
  17 tarantellas
  5 wyverns
  19 water elementals
  A fire bat (shapeshifter) (Vaults:3)
  A hog (shapeshifter) (Vaults:3)
  57 yaks
  A fire elemental (Elf:3)
  7 basilisks
  A steam dragon (Lair:8)
  13 hippogriffs
  7 vampire mosquitoes
  2 hungry ghosts
  6 hogs
  19 humans
  22 wargs
  A mottled dragon (D:11)
  Edmund (D:6)
  Duvessa (D:7)
  15 water moccasins
  16 porcupines
  4 sky beasts
  A deep troll skeleton (Vaults:3)
  77 orc warriors
  An eye of draining (D:15)
  7 ice beasts
  2 slaves (D:8)
  3 wasps
  6 black bears
  6 wolves
  23 centaurs
  59 ogres
  5 boggarts (Vaults:3)
  8 necrophages
  9 crocodiles
  2 big kobolds
  A wyvern zombie (D:14)
  21 giant frogs
  A glowing shapeshifter simulacrum (Vaults:3)
  7 human skeletons (Vaults:3)
  An earth elemental (Elf:2)
  Dowan (D:7)
  6 scorpions
  18 killer bees
  7 wights
  6 electric eels
  2 howler monkeys
  A crimson imp (D:5)
  2 giant frog zombies
  2 jellies
  3 quasits
  Crazy Yiuf (D:5)
  20 orc wizards
  3 centaur skeletons
  27 orc priests
  6 hounds
  3 giant frog skeletons
  2 gnoll shamans
  9 iguanas
  Natasha (D:2)
  14 worker ants
  37 sheep
  2 hound zombies
  12 gnolls
  4 adders
  22 river rats
  6 shadow imps
  13 white imps
  2 oozes
  2 adder zombies
  An adder skeleton (D:7)
  2 worms
  5 dart slugs
  7 giant geckos
  122 orcs
  A ball python (D:6)
  4 giant cockroaches
  11 goblins
  3 hobgoblins
  14 jackals
  5 quokkas
  11 bats
  A giant gecko skeleton (D:6)
  6 giant newts
  4 goblin skeletons (D:6)
  2 hobgoblin zombies (D:6)
  A jackal skeleton (D:8)
  12 kobolds
  A kobold skeleton (D:6)
  3 kobold zombies (D:6)
  An orc skeleton (D:6)
  3 orc zombies (D:6)
  9 rats
  2 bushes (Lair:8)
  A fulminant prism (D:14)
  A fungus (Lair:6)
  9 plants
  3 tentacles
2020 creatures vanquished.

Vanquished Creatures (collateral kills)
  The ghost of selky the Carver, a journeyman HEAE of Gozag (Lair:7)
  A deep elf death mage (Elf:1)
  A deep elf knight (Elf:2)
  A deep elf mage (Elf:1)
  A wolf spider (Spider:4)
  Joseph (Lair:1)
  2 yaktaurs (Vaults:2)
  A jumping spider (Spider:4)
  2 redbacks (Spider:4)
  3 wargs (D:8)
  An ice beast (D:5)
  A necrophage (D:8)
  A centaur (D:6)
  The ghost of rogsnak the Conjurer, an amateur TeCj (D:3)
  A giant frog (D:3)
  2 crimson imps
  Natasha (twice) (D:2)
  Terence (D:2)
  An orc wizard (D:8)
  5 adders
  2 worms (D:2)
  An orc (D:8)
  A ball python (D:3)
  A goblin (D:2)
  A kobold (D:2)
36 creatures vanquished.

Vanquished Creatures (others)
  A yaktaur captain (Vaults:4)
  A redback (Spider:4)
  A slave (D:8)
  An ogre (Vaults:3)
  A crocodile (D:2)
  A bush (Lair:7)
  11 fulminant prisms
  25 fungi
  48 plants
  34 tentacles
  696 tentacle segments
820 creatures vanquished.

Grand Total: 2876 creatures vanquished
